 Dungeon Crawl Stone Soup version 0.19-a0-1019-g9c6a58d (webtiles) character file.

138397 inmateoo the Bludgeoner (level 16, -9/145 HPs)
             Began as a Minotaur Fighter on July 27, 2016.
             Was a Priest of Uskayaw.
             Shot with an arrow by Vashnia (22 damage)
             ... on level 3 of the Snake Pit.
             The game lasted 00:44:28 (28939 turns).

inmateoo the Bludgeoner (Minotaur Fighter)         Turns: 28939, Time: 00:44:28

Health: -9/145     AC: 29    Str: 23    XL:     16   Next: 71%
Magic:  21/26      EV: 13    Int:  5    God:    Uskayaw [***...]
Gold:   684        SH: 12    Dex: 12    Spells: 1 memorised, 18 levels left

rFire  . . .     SeeInvis .     b - +8 morningstar (elec)
rCold  + + .     Gourm    .     S - +3 chain mail of the Cockroach {Slay+3}
rNeg   + . .     Faith    .     c - +0 shield
rPois  +         Spirit   .     (helmet unavailable)
rElec  .         Dismiss  .     v - +2 cloak
rCorr  .         Reflect  .     U - +1 pair of gloves
SustAt .         Harm     .     P - +2 pair of boots
MR     ++...     Clarity  +     R - amulet of Samnio {rC+ rN+ MR+ Regen+}
Stlth  ..........               y - ring of protection from cold
                                Q - ring of poison resistance

@: lethally poisoned (-9 -> -9), starving, very resistant to hostile
enchantments, extremely unstealthy
A: retaliatory headbutt, claws 1, hooves 1, horns 3, rough black scales 1,
blurry vision 1, clarity, mutation resistance 1, weak 1, subdued magic 1,
MP-powered wands
a: Stomp, Line Pass, Renounce Religion


You were on level 3 of the Snake Pit.
You worshipped Uskayaw.
Uskayaw was pleased with you.
You were starving.

You visited 5 branches of the dungeon, and saw 27 of its levels.
You also visited: Bailey, Ice Cave and Volcano.

You collected 2728 gold pieces.
You spent 2044 gold pieces at shops.

Inventory:

Hand Weapons
 b - a +8 morningstar of electrocution (weapon)
 L - a +6 morningstar of flaming
Armour
 c - a +0 shield (worn)
 v - a +2 cloak (worn)
 F - a +1 hat
 P - a +2 pair of boots (worn)
 S - the +3 chain mail of the Cockroach (worn) {Slay+3}
   (You bought it in a shop on level 1 of the Snake Pit)

   It affects your accuracy and damage with ranged weapons and melee attacks
   (+3).
 U - a +1 pair of gloves (worn)
Jewellery
 y - a ring of protection from cold (right hand)
 N - an uncursed ring of see invisible
 O - an uncursed ring of positive energy
 Q - a ring of poison resistance (left hand)
 R - the amulet of Samnio (around neck) {rC+ rN+ MR+ Regen+}
   (You bought it in a shop on level 2 of the Orcish Mines)

   [amulet of regeneration]

   It protects you from cold.
   It protects you from negative energy.
   It affects your resistance to hostile enchantments.
   It increases your rate of regeneration.
Wands
 l - a wand of teleportation (5/9)
 x - a wand of heal wounds (6/9)
 X - a wand of hasting (2/9)
Scrolls
 d - 3 scrolls of blinking
 e - 4 scrolls of enchant armour
 m - 8 scrolls of magic mapping
 o - 6 scrolls of teleportation
 r - 3 scrolls of fog
 s - 10 scrolls of fear
 t - 3 scrolls of remove curse
 u - 4 scrolls of identify
 G - 5 scrolls of amnesia
 I - 9 scrolls of recharging
 Z - a scroll of silence
Potions
 a - a potion of cancellation
 h - 2 potions of ambrosia
 j - a potion of lignification
 k - a potion of heal wounds
 n - 4 potions of might
 p - 2 potions of beneficial mutation
 q - 4 potions of berserk rage
 w - 2 potions of brilliance
 z - 4 potions of agility
 B - 9 potions of flight
 H - a potion of cure mutation
 J - 4 potions of haste
 K - 3 potions of resistance
 M - 10 potions of curing
Miscellaneous
 i - a box of beasts
 W - a lamp of fire
Comestibles
 f - 16 bread rations
 g - 16 meat rations
 A - a slice of pizza
 C - 7 royal jellies


   Skills:
 + Level 13.8 Fighting
 * Level 17.9 Maces & Flails
 + Level 13.7 Armour
 * Level 12.1 Dodging
 - Level 11.0 Shields
 + Level 2.7 Spellcasting
 * Level 14.8 Invocations


You had 18 spell levels left.
You knew the following spells:

 Your Spells              Type           Power        Failure   Level  Hunger
a - Repel Missiles        Chrm/Air       #.....       100%        2    ###....


Dungeon Overview and Level Annotations

Branches:
Dungeon (15/15)            Temple (1/1) D:5            Lair (6/6) D:10
 Shoals (0/4) Lair:4        Snake (3/4) Lair:2        Slime (0/5) Lair:5
    Orc (2/2) D:11            Elf (0/3) Orc:2        Vaults (0/5) D:14
 Depths (0/5) D:15

Altars:
Cheibriados
Dithmenos
Elyvilon
Fedhas
Gozag
Kikubaaqudgha
Makhleb
Nemelex Xobeh
Okawaru
Qazlal
Ru
Sif Muna
Trog
Uskayaw
Vehumet
Xom
Yredelemnul
Zin
The Shining One
Beogh

Shops:
D:5 }   D:6 %   D:7 (   D:8 (   Orc:2 =[!?   Snake:1 %?[

Annotations:
Snake:3 Vashnia


Innate Abilities, Weirdness & Mutations

You reflexively headbutt those who attack you in melee.
You have a pair of large horns on your head.
You have sharp fingernails.
You have large cloven feet.
You are partially covered in rough black scales. (AC +4, Dex -1)
Scrolls take you a little longer to read.
You possess an exceptional clarity of mind.
You are somewhat resistant to further mutation.
You are weak. (Str -2)
Your spells are a little easier to cast, but a little less powerful.
You expend magic power (3 MP) to strengthen your wands.


Message History

The bolt hits you!
* * * LOW HITPOINT WARNING * * *
You hear an angry hiss.
Things that are here:
2 bolts; 2 arrows You feel much better.
You feel sick. You block something's attack.
Vashnia mumbles some strange words.
Vashnia magically shoots an arrow.
The arrow hits you!!
* * * LOW HITPOINT WARNING * * *
The arrow freezes you.
* * * LOW HITPOINT WARNING * * *
The naga sharpshooter spits poison at you.
The splash of poison misses you.
An anaconda comes into view.
Unknown command.
You are starving!
Your shield and chain mail of the Cockroach prevent you from hitting something.
You feel sick. Something hits you but does no damage.
Vashnia shoots an arrow.
The arrow hits you!!
You die...

... S. #.. SN #N#
#### #. ##NN
...###
#..#...##.....##
#..#.@##.....#
#...).{......##
#.##.#(((......##
#.###(<......# #
##(.......
#...)#.......
###.> #.(....
#... .<.... ##..
......


You could see Vashnia, 3 naga sharpshooters, an anaconda and a mana viper.

Vanquished Creatures
  Saint Roka (Snake:3)
  A greater naga (Snake:1)
  A frost giant (IceCv)
  An orc warlord (Orc:2)
  A yaktaur captain (D:15)
  6 hydras
  An anaconda (Snake:3)
  3 naga warriors (Snake:1)
  A merfolk avatar (Lair:6)
  6 centaur warriors
  The ghost of Rationalist the Blocker, a novice MiFi of Trog (D:10)
  Erica (D:9)
  An ogre mage (D:15)
  2 tengu warriors
  7 death yaks
  7 shock serpents
  Urug (D:11)
  4 orc high priests (Orc:2)
  3 naga sharpshooters
  A salamander mystic (Snake:1)
  A naga ritualist (Snake:3)
  3 unseen horrors
  6 sea snakes
  6 orc knights
  A wolf spider zombie (D:13)
  7 hill giants
  2 harpies (Lair:6)
  An oklob plant (Lair:6)
  7 orc sorcerers
  5 ugly things
  3 deep elf magi
  A manticore (D:15)
  2 salamanders (Snake:2)
  A griffon (Lair:6)
  A mana viper (Snake:2)
  14 elephants (Lair:6)
  A cyclops (D:15)
  A guardian serpent (Snake:1)
  22 black mambas
  A black mamba (shapeshifter) (D:15)
  Joseph (D:9)
  9 naga magi
  2 centaur zombies
  Psyche (D:12)
  The ghost of st0uf the Shield-Bearer, a novice FoFi of Pakellas (D:4)
  A torpor snail (Lair:6)
  3 gargoyles
  8 spiny frogs
  8 komodo dragons
  5 yaktaurs (D:15)
  2 kobold demonologists (D:13)
  2 efreet
  The ghost of inmateoo the Cudgeler, a novice GrFi (D:5)
  7 rime drakes
  A tengu conjurer (D:12)
  A queen bee (D:13)
  11 trolls
  19 polar bears
  3 meliai (D:13)
  A wind drake (Lair:6)
  Grinder (D:3)
  7 two-headed ogres
  Prince Ribbit (D:7)
  A hornet zombie (D:15)
  A meliai zombie (D:14)
  2 water elementals (D:14)
  2 spriggans (Lair:2)
  Sigmund (D:3)
  2 shadows
  2 wraiths
  50 yaks
  6 wyverns
  2 hogs
  A fire bat (Volcano)
  16 humans
  8 basilisks
  11 hippogriffs
  5 vampire mosquitoes (D:13)
  5 hungry ghosts
  A soldier ant (D:12)
  5 wargs
  8 nagas
  A hell hound (Volcano)
  8 water moccasins
  5 porcupines
  7 sky beasts
  An eye of draining (D:14)
  70 orc warriors
  7 ice beasts
  4 phantoms
  2 black bears
  23 ogres
  21 wolves
  5 wasps
  10 centaurs
  18 crocodiles
  The ghost of FrancescoMac the Sneak, an amateur KoMo (D:3)
  3 big kobolds
  18 giant frogs
  A gnoll sergeant (D:6)
  2 wyvern zombies
  4 scorpions
  A wyvern skeleton (D:13)
  32 killer bees
  33 wights
  5 electric eels
  3 giant frog zombies
  7 crimson imps
  14 hounds
  35 orc priests
  4 giant frog skeletons
  9 iguanas
  16 jellies
  35 orc wizards
  3 centaur skeletons
  Terence (D:3)
  11 worker ants
  22 sheep
  A hound skeleton (D:5)
  A howler monkey zombie (D:9)
  A worker ant zombie (D:7)
  14 adders
  16 gnolls
  43 river rats
  3 shadow imps
  An ooze (D:3)
  An adder skeleton (D:6)
  An adder zombie (D:5)
  A worm (D:5)
  6 giant geckos
  155 orcs
  4 giant cockroaches
  9 goblins
  12 hobgoblins
  10 jackals
  5 quokkas
  9 bats
  A giant gecko skeleton (D:6)
  2 giant gecko zombies
  3 giant newts
  2 jackal skeletons
  A jackal zombie (D:7)
  34 kobolds
  9 rats
1148 creatures vanquished.

Vanquished Creatures (collateral kills)
  A centaur simulacrum (D:14)
  A human (D:14)
2 creatures vanquished.

Vanquished Creatures (others)
  Nessos (D:14)
  A centaur warrior (D:14)
  An orc warrior (Volcano)
  3 centaurs
  2 fungi (Lair:6)
  16 plants
24 creatures vanquished.

Grand Total: 1174 creatures vanquished

Notes
Turn   | Place    | Note
-------+----------+-------------------------------------------
     0 | D:1      | inmateoo the Minotaur Fighter began the quest for the Orb.
     0 | D:1      | Reached XP level 1. HP: 19/19 MP: 0/0
   168 | D:1      | Reached XP level 2. HP: 27/27 MP: 1/1
   571 | D:1      | Reached skill level 3 in Maces & Flails
   801 | D:2      | Reached XP level 3. HP: 23/33 MP: 2/2
  1120 | D:2      | Found an opulent altar of Gozag.
  1370 | D:2      | Found a radiant altar of Vehumet.
  1394 | D:3      | Reached XP level 4. HP: 40/40 MP: 3/3
  1461 | D:3      | Noticed FrancescoMac's ghost (amateur KoMo)
  1475 | D:3      | Reached skill level 4 in Maces & Flails
  1502 | D:3      | Killed FrancescoMac's ghost
  1502 | D:3      | Reached XP level 5. HP: 34/47 MP: 4/4
  1621 | D:3      | Noticed Grinder
  1640 | D:3      | HP: 2/47 [Grinder/nerve-wracking pain (12)]
  1642 | D:3      | Killed Grinder
  1642 | D:3      | Reached skill level 5 in Fighting
  1642 | D:3      | Reached skill level 5 in Maces & Flails
  1642 | D:3      | Reached skill level 5 in Armour
  1642 | D:3      | Reached skill level 5 in Shields
  1642 | D:3      | Reached XP level 6. HP: 3/56 MP: 5/5
  1801 | D:3      | Noticed Sigmund
  1975 | D:3      | Noticed Terence
  1984 | D:3      | Killed Terence
  2002 | D:3      | You fall through a shaft for 3 floors!
  2030 | D:6      | Reached skill level 6 in Maces & Flails
  2030 | D:6      | Reached XP level 7. HP: 56/61 MP: 6/6
  2074 | D:5      | Entered Level 5 of the Dungeon
  2074 | D:5      | Found a staircase to the Ecumenical Temple.
  2079 | Temple   | Entered the Ecumenical Temple
  2085 | Temple   | Became a worshipper of Uskayaw the Reveler
  2097 | D:5      | Noticed inmateoo's ghost (novice GrFi)
  2149 | D:6      | Reached * piety under Uskayaw
  2158 | D:6      | Reached ** piety under Uskayaw
  2161 | D:6      | Reached skill level 1 in Invocations
  2161 | D:6      | Reached *** piety under Uskayaw
  2205 | D:6      | Found Uteekil's Food Shoppe.
  2232 | D:6      | Reached **** piety under Uskayaw
  2241 | D:6      | Found a basalt altar of Yredelemnul.
  2322 | D:6      | Reached skill level 7 in Maces & Flails
  2322 | D:6      | Reached XP level 8. HP: 32/70 MP: 8/8
  3291 | D:5      | Found Zocics's Gadget Emporium.
  3377 | D:5      | Killed inmateoo's ghost
  3377 | D:5      | Reached skill level 8 in Maces & Flails
  3513 | D:5      | Reached XP level 9. HP: 67/78 MP: 11/11
  4013 | D:4      | Reached skill level 5 in Invocations
  4220 | D:4      | Found an ancient bone altar of Kikubaaqudgha.
  4255 | D:4      | Noticed st0uf's ghost (novice FoFi)
  4272 | D:4      | Killed st0uf's ghost
  4272 | D:4      | Reached skill level 9 in Maces & Flails
  4336 | D:4      | Found an iron altar of Okawaru.
  5083 | D:3      | Killed Sigmund
  5416 | D:7      | Found a burning altar of Makhleb.
  5611 | D:7      | Found Xeaki's Weapon Shoppe.
  5762 | D:7      | Noticed Prince Ribbit
  5773 | D:7      | Killed Prince Ribbit
  5810 | D:7      | Reached skill level 10 in Maces & Flails
  5810 | D:7      | Reached XP level 10. HP: 69/88 MP: 10/13
  6797 | D:8      | Found Qeatapt's Antique Weapon Emporium.
  6862 | D:8      | Gained mutation: You regenerate slowly when monsters are visible. [mutagenic meat]
  6865 | D:8      | Gained mutation: You expend magic power (3 MP) to strengthen your wands. [mutagenic meat]
  6868 | D:8      | Gained mutation: You are agile. (Dex +2) [mutagenic meat]
  6874 | D:8      | Gained mutation: You possess an exceptional clarity of mind. [mutagenic meat]
  7008 | D:9      | Reached skill level 11 in Maces & Flails
  7155 | D:9      | Noticed Joseph
  7166 | D:9      | Killed Joseph
  7175 | D:9      | Noticed a centaur warrior
  7186 | D:9      | Killed a centaur warrior
  7186 | D:9      | Reached XP level 11. HP: 24/95 MP: 16/16
  7717 | D:9      | Lost mutation: You are agile. (Dex +2) [mutagenic meat]
  7720 | D:9      | Gained mutation: You have sharp fingernails. [mutagenic meat]
  7732 | D:9      | Gained mutation: You are weak. (Str -2) [mutagenic meat]
  7851 | D:9      | You fall through a shaft for 2 floors!
  8352 | D:10     | Entered Level 10 of the Dungeon
  8473 | D:10     | Found a staircase to the Lair.
  8473 | D:10     | Noticed Rationalist's ghost (novice MiFi)
  8508 | D:10     | Found a flagged portal.
  8509 | D:10     | Noticed a hill giant
  8514 | Bailey   | Entered a bailey
  9319 | Bailey   | Got a dazzling glaive
  9393 | D:10     | Killed Rationalist's ghost
  9397 | D:10     | Killed a hill giant
  9397 | D:10     | Reached skill level 12 in Maces & Flails
  9397 | D:10     | Reached ***** piety under Uskayaw
 10084 | D:10     | Noticed a hill giant
 10094 | D:10     | Killed a hill giant
 10309 | D:10     | Noticed an unseen horror
 10314 | D:10     | Killed an unseen horror
 10335 | D:10     | Reached skill level 10 in Shields
 10747 | D:9      | Noticed Erica
 10748 | D:9      | Noticed a centaur warrior
 10757 | D:9      | Killed Erica
 10770 | D:9      | Killed a centaur warrior
 10770 | D:9      | Reached skill level 10 in Fighting
 10770 | D:9      | Reached XP level 12. HP: 59/106 MP: 18/18
 11211 | D:11     | Found a staircase to the Orcish Mines.
 11281 | D:11     | Reached skill level 10 in Invocations
 11370 | D:11     | Noticed Urug
 11398 | D:11     | Killed Urug
 11624 | D:11     | Gained mutation: You can translocate small distances at will. [mutagenic meat]
 11627 | D:11     | Lost mutation: You possess an exceptional clarity of mind. [mutagenic meat]
 11680 | D:11     | Reached skill level 10 in Armour
 11690 | D:11     | Gained mutation: Your mind is acute. (Int +2) [mutagenic meat]
 11696 | D:11     | Gained mutation: You possess an exceptional clarity of mind. [mutagenic meat]
 11743 | D:11     | Reached skill level 13 in Maces & Flails
 12430 | D:12     | Noticed a tengu warrior
 12457 | D:12     | Killed a tengu warrior
 12957 | D:12     | Noticed Psyche
 13509 | D:12     | Noticed a seven-headed hydra
 13519 | D:12     | Killed a seven-headed hydra
 13528 | D:12     | Killed Psyche
 13628 | D:12     | Got a scorched leather armour
 13639 | D:12     | Identified the +1 leather armour of Dithmenos's Generosity {rF+ rCorr Str+2} (You found it on level 12 of the Dungeon)
 13869 | D:12     | Reached skill level 1 in Dodging
 14159 | D:12     | Reached XP level 13. HP: 78/116 MP: 20/20
 14166 | D:12     | Gained mutation: You are very weak. (Str -4) [mutagenic meat]
 14169 | D:12     | Gained mutation: You are partially covered in rough black scales. (AC +4, Dex -1) [mutagenic meat]
 14526 | D:13     | Reached skill level 14 in Maces & Flails
 15175 | D:13     | Lost mutation: Your mind is acute. (Int +2) [potion of mutation]
 15175 | D:13     | Gained mutation: Scrolls take you a little longer to read. [potion of mutation]
 15176 | D:13     | Lost mutation: You are very weak. (Str -4) [potion of mutation]
 15176 | D:13     | Gained mutation: You are clumsy. (Dex -2) [potion of mutation]
 15176 | D:13     | Lost mutation: You can translocate small distances at will. [potion of mutation]
 15179 | D:14     | Found a gate to the Vaults.
 15179 | D:14     | Noticed Nessos
 15203 | D:14     | Killed Nessos
 15203 | D:14     | Reached ****** piety under Uskayaw
 15207 | D:14     | Reached skill level 5 in Dodging
 15336 | D:14     | Found a frozen archway.
 15433 | IceCv    | Entered an ice cave
 16490 | IceCv    | Noticed a frost giant
 16523 | IceCv    | Reached XP level 14. HP: 44/125 MP: 22/22
 16531 | IceCv    | Killed a frost giant
 17244 | D:15     | Entered Level 15 of the Dungeon
 17507 | D:15     | Reached skill level 15 in Maces & Flails
 17544 | D:15     | Gained mutation: You have a pair of large horns on your head. [mutagenic meat]
 17547 | D:15     | Lost mutation: You regenerate slowly when monsters are visible. [mutagenic meat]
 17553 | D:15     | Gained mutation: You have an increased reservoir of magic. (+10% MP) [mutagenic meat]
 17936 | D:15     | Gained mutation: You have large cloven feet. [mutagenic meat]
 17939 | D:15     | Gained mutation: You are somewhat resistant to further mutation. [mutagenic meat]
 18045 | D:15     | Found a staircase to the Depths.
 18324 | Lair:1   | Entered Level 1 of the Lair of Beasts
 19045 | Lair:2   | Found a staircase to the Snake Pit.
 20957 | Lair:4   | Found a dark tunnel.
 20962 | Volcano  | Entered a volcano
 21231 | Lair:4   | Found a staircase to the Shoals.
 21239 | Lair:4   | Reached XP level 15. HP: 84/134 MP: 26/26
 21298 | Lair:4   | Found an iron altar of Okawaru.
 21351 | Lair:4   | Reached skill level 16 in Maces & Flails
 22207 | Lair:5   | Found a staircase to the Slime Pits.
 22704 | Lair:6   | Entered Level 6 of the Lair of Beasts
 22756 | Lair:6   | Found an ancient bone altar of Kikubaaqudgha.
 22999 | Lair:6   | Reached skill level 10 in Dodging
 23798 | Lair:6   | Identified Plog's Reference Book on Weightlessness and Attacks (You found it on level 6 of the Lair of Beasts)
 23802 | Lair:6   | Learned a level 2 spell: Repel Missiles
 24329 | Orc:1    | Entered Level 1 of the Orcish Mines
 24778 | Orc:2    | Entered Level 2 of the Orcish Mines
 25017 | Orc:2    | Found a roughly hewn altar of Beogh.
 25070 | Orc:2    | Reached skill level 1 in Spellcasting
 25099 | Orc:2    | Found Hujil's Magic Scroll Boutique.
 25108 | Orc:2    | Bought a scroll of identify for 30 gold pieces
 25108 | Orc:2    | Bought a scroll of blinking for 112 gold pieces
 25117 | Orc:2    | Found Emuamm's Distillery.
 25130 | Orc:2    | Bought a potion of mutation for 27 gold pieces
 25130 | Orc:2    | Bought a potion of haste for 110 gold pieces
 25130 | Orc:2    | Bought a potion of agility for 44 gold pieces
 25130 | Orc:2    | Bought a potion of curing for 33 gold pieces
 25130 | Orc:2    | Bought a potion of agility for 44 gold pieces
 25130 | Orc:2    | Lost mutation: You are somewhat resistant to further mutation. [potion of mutation]
 25130 | Orc:2    | Lost mutation: You are clumsy. (Dex -2) [potion of mutation]
 25130 | Orc:2    | Lost mutation: You have an increased reservoir of magic. (+10% MP) [potion of mutation]
 25325 | Orc:2    | Reached skill level 17 in Maces & Flails
 25458 | Orc:2    | Found a staircase to the Elven Halls.
 25527 | Orc:2    | Paralysed by an orc sorcerer for 5 turns
 25762 | Orc:2    | Noticed an orc warlord
 25800 | Orc:2    | Killed an orc warlord
 25800 | Orc:2    | Reached XP level 16. HP: 92/144 MP: 25/25
 26111 | Orc:2    | Found Lempises's Armour Emporium.
 26158 | Orc:2    | Found Ady Siom's Jewellery Shop.
 26198 | Orc:2    | Bought the amulet of Samnio {rC+ rN+ MR+ Regen+} for 968 gold pieces
 26423 | Orc:2    | Found a roughly hewn altar of Beogh.
 27032 | Snake:1  | Entered Level 1 of the Snake Pit
 27120 | Snake:1  | Found a shadowy altar of Dithmenos.
 27430 | Snake:1  | Found Jagrua Leth's Food Boutique.
 27434 | Snake:1  | Found Zoenaapn's Magic Scroll Shop.
 27435 | Snake:1  | Found Ihywoi's Antique Armour Boutique.
 27440 | Snake:1  | Bought a scroll of identify for 30 gold pieces
 27440 | Snake:1  | Bought a scroll of identify for 30 gold pieces
 27440 | Snake:1  | Bought a scroll of fear for 52 gold pieces
 27440 | Snake:1  | Bought a scroll of fear for 52 gold pieces
 27440 | Snake:1  | Bought a scroll of identify for 30 gold pieces
 27440 | Snake:1  | Bought a scroll of enchant armour for 112 gold pieces
 27440 | Snake:1  | Bought a scroll of recharging for 142 gold pieces
 27442 | Snake:1  | Bought a spiked chain mail for 228 gold pieces
 27444 | Snake:1  | Identified the +3 chain mail of the Cockroach {Slay+3} (You bought it in a shop on level 1 of the Snake Pit)
 28080 | Snake:1  | Gained mutation: You are somewhat resistant to further mutation. [mutagenic meat]
 28083 | Snake:1  | Gained mutation: Your spells are a little easier to cast, but a little less powerful. [mutagenic meat]
 28747 | Snake:2  | Found a hide-covered altar of Uskayaw.
 28911 | Snake:3  | Noticed Saint Roka
 28915 | Snake:3  | Noticed Vashnia
 28919 | Snake:3  | Killed Saint Roka
 28939 | Snake:3  | Shot with an arrow by Vashnia

Vault maps used:
D:1:      lightli_arrival_boilingwater, minmay_pentomino_p4
D:2:      grunt_gozag_breadcrumbs, lemuel_coloured_pillars_altar,
          lemuel_another_geyser
D:3:      gup_sewer_entry_spiral, minmay_misc_feat_iff, uniq_sigmund,
          uniq_grinder, uniq_terence
D:4:      kennysheep_mini, okawaru_metal_pillars_1_2, kennysheep_windowed_goal
D:5:      first_bread, serial_shops, shop, serial_glass, glass_columns_a,
          glass_columns_b, glass_columns_a, glass_columns_a,
          minmay_strange_pillars, due_unseen_surprise, feat_on_display
D:6:      overflow_temple_1_default, serial_shops, shop
D:7:      bloody_makhleb, serial_shops, shop, grunt_livestock,
          supply_closet_lemuel, uniq_prince_ribbit1
D:8:      serial_shops, nicolae_shop_trees
D:9:      minmay_diamond_stairs, minmay_misc_feat_doors, uniq_erica, uniq_joseph
D:10:     erik_lair_island, enter_bailey_2
D:11:     david_orc_4, serial_glass, glass_columns_b, glass_columns_a,
          glass_columns_a, glass_columns_a, glass_columns_b, uniq_urug
D:12:     kb_tengu_band, uniq_psyche
D:13:     special_room
D:14:     david_vaults_3, portal_ice_cave_rime, minivault_24,
          serial_bayou_lake_a
D:15:     grunt_enter_depths_snipers, minmay_misc_feat_tiny
Temple:   nicolae_temple_x_marks_the_god
Lair:1:   beast_lair_carwin_3, grunt_megastairs_5
Lair:2:   guppyfry_snake_entry_garden, zaba_anthole, minivault_26,
          forest_entry_grove, serial_bayou_shore_a, grunt_megastairs_4
Lair:3:   kennysheep_basilisk_garden
Lair:4:   elwin_shoals_entry_rocks, nicolae_volcano_entry_s_turn, basic_altar,
          serial_bayou_lagoon_b
Lair:5:   minmay_slime_entry_jelly_boxes, small_statue_intersection, st_stairs_3
Lair:6:   gammafunk_lair_ancient_temple, lemuel_oklob_altar
Snake:1:  basic_altar, minmay_shop_star
Snake:2:  basic_altar, serial_bayou_lagoon_a
Snake:3:  uniq_aizul, uniq_vashnia, uniq_saint_roka
Orc:1:    abandoned_shop
Orc:2:    pubby_orc_utopia
Bailey:   bailey_axe_1, bailey
IceCv:    ice_cave_caverns_03
Volcano:  volcano_village

Skill      XL: |  1  2  3  4  5  6  7  8  9 10 11 12 13 14 15 16 |
---------------+-------------------------------------------------+-----
Maces & Flails | 3 4 5 6 7 8 10 11 12 13 14 15 17 | 17.9
Shields        | 4 5 6 7 8 10 11 | 11.0
Fighting       | 4 5 6 7 8 10 11 12 13 | 13.8
Armour         | 4 5 6 7 8 9 10 11 12 13 | 13.7
Invocations    | 2 4 6 8 9 11 12 13 14 | 14.8
Dodging        | 1 6 9 11 12 | 12.1
Spellcasting   | 1 2 |  2.7

Action                   |  1- 3 |  4- 6 |  7- 9 | 10-12 | 13-15 | 16-18 || total
-------------------------+-------+-------+-------+-------+-------+-------++-------
Melee: Flail             |    99 |   116 |    29 |       |       |       ||   244
       Headbutt          |    12 |    11 |    52 |   163 |   254 |    68 ||   560
       Morningstar       |       |       |   268 |   856 |  1363 |   312 ||  2799
       Kick              |       |       |       |       |     5 |       ||     5
Throw: Tomahawk          |       |       |       |     6 |       |       ||     6
Invok: Stomp             |       |       |    10 |     8 |    17 |       ||    35
       Line Pass         |       |       |     1 |     2 |       |       ||     3
       Grand Finale      |       |       |       |       |     2 |     1 ||     3
Evoke: Box of beasts     |       |       |       |     1 |     1 |       ||     2
       Wand              |       |       |       |       |     1 |       ||     1
       Lamp of fire      |       |       |       |       |     1 |       ||     1
  Use: Potion            |       |     1 |       |     1 |     5 |     2 ||     9
       Scroll            |       |       |       |    19 |    22 |     3 ||    44
 Stab: Paralysed         |       |       |     4 |    45 |   107 |    31 ||   187
       Distracted        |       |       |       |     1 |       |       ||     1
  Eat: Chunk             |       |     3 |    13 |    40 |    34 |     5 ||    95
       Fruit             |       |       |     1 |       |     8 |       ||     9
       Pizza             |       |       |     2 |     2 |     8 |       ||    12
       Beef jerky        |       |       |       |     6 |     1 |       ||     7
       Meat ration       |       |       |       |     1 |       |       ||     1
       Royal jelly       |       |       |       |       |     2 |     2 ||     4
Armor: Scale mail        |    55 |       |       |       |   256 |    31 ||   342
       Chain mail        |       |    60 |   114 |   388 |   138 |    62 ||   762
       Leather armour    |       |       |       |     4 |       |       ||     4
Dodge: Dodged            |    42 |    27 |    66 |   186 |   398 |   118 ||   837
Block: Shield            |    58 |    54 |   159 |   523 |   908 |   179 ||  1881
       Reflection        |       |       |       |     2 |    34 |     2 ||    38
